 Dungeon Crawl Stone Soup version 0.30-a0-652-gcc886f7154 (webtiles) character file.

Game seed: 15459518705194446025

61 Newt the Shooter (level 4, -4/29 HPs)
             Began as a Kobold Hunter on Jan 17, 2023.
             Constricted to death by Grinder (7 damage)
             ... on level 3 of the Dungeon.
             The game lasted 00:01:48 (2022 turns).

Newt the Shooter (Kobold Hunter)                    Turns: 2022, Time: 00:01:49

Health: -4/29      AC:  4    Str:  8    XL:     4   Next: 27%
Magic:  4/4        EV: 16    Int: 10    God:
Gold:   143        SH:  0    Dex: 20    Spells: 3/3 levels left

rFire   . . .      SeeInvis .    a - +0 shortbow
rCold   . . .      Faith    .    (shield currently unavailable)
rNeg    . . .      Spirit   .    c - +0 leather armour
rPois   .          Reflect  .    k - +0 hat
rElec   .          Harm     .    (no cloak)
rCorr   .          Rampage  .    (no gloves)
Will    .....                    i - +0 pair of boots
Stlth   +++                      (no amulet)
HPRegen 0.24/turn                j - +5 ring of evasion
MPRegen 0.09/turn                (no ring)

@: grasped by roots, constricted
A: small, no large weapons, nightstalker 3
a: no special abilities


You were on level 3 of the Dungeon.
You visited 1 branch of the dungeon, and saw 3 of its levels.

You collected 143 gold pieces.

Inventory:

Hand Weapons
 a - a +0 shortbow (weapon)
Armour
 c - a +0 leather armour (worn)
 i - a +0 pair of boots (worn)
 k - a +0 hat (worn)
Jewellery
 j - a +5 ring of evasion (left hand)
Scrolls
 b - 2 scrolls of immolation
 d - a scroll of magic mapping
 g - 2 scrolls of identify
 h - 3 scrolls of amnesia
 l - 2 scrolls of fear
Potions
 e - a potion of brilliance
 f - 2 potions of attraction


   Skills:
 - Level 4.0 Fighting
 + Level 5.5 Ranged Weapons
 - Level 2.4 Dodging
 - Level 3.0 Stealth


You had 3 spell levels left.
You didn't know any spells.
Your spell library was empty.

Dungeon Overview and Level Annotations

Branches:
Dungeon (3/15)

Altars:

Annotations:
D:3 Grinder


Innate Abilities, Weirdness & Mutations

You are small and have problems with some larger weapons.
You are completely attuned to the shadows.


Message History

f - 2 potions of attraction (gained 1) Grinder comes into view.
She is carrying a wand of roots (15).
Grinder shouts!
You hear a shout!
Grinder gestures at you. Pain shoots through your body!
Grinder is nearby!
Grinder is nearby!
You shoot an arrow.
The arrow hits Grinder but does no damage.
Grinder says, "Just stop there for a second..."
Grinder gestures at you.
You suddenly lose the ability to move!
Grinder blinks!
Grinder gestures at you.
You barely resist.
You can move again.
Okay, then.
You shoot an arrow.
The arrow hits Grinder but does no damage.
You shoot an arrow. The arrow barely misses Grinder.
Grinder blinks!
An orc comes into view. It is wielding a +0 mace.
You shoot an arrow. The arrow hits the orc!
You kill the orc!
You shoot an arrow. The arrow hits Grinder!
Grinder is moderately wounded.
Grinder gestures at you.
You suddenly lose the ability to move!
Grinder blinks!
You can move again.
You shoot an arrow. The arrow barely misses Grinder.
You shoot an arrow. The arrow hits Grinder!
Grinder is heavily wounded.
Grinder zaps a wand.
The roots erupt in riotous growth!
The grasping roots grab you! The grasping roots constrict you.
Grinder gestures at you. Pain shoots through your body!
* * * LOW HITPOINT WARNING * * *
The grasping roots constrict you!
You die...

#.......#
........#.# #.#
#.......#
#######.#.# #.#
#.......# #.#.#
#.#.# #.......#
#######...###.#.#
#.......#
#.............#.#
#.......#
#....##.#.#.#.#.#
#.......#
+....##.#.......#
.......<#
#....##.###.#..##
#########
#@#+###.# #.##.#
#.# #.##.### #.#
#.##...# #5#
#.####). #.#
#.#####. #.#.....
#.#.###. #.......
#######.##


You could see Grinder.

Vanquished Creatures
  An adder (D:2)
  A worm (D:2)
  A dart slug (D:1)
  2 orcs (D:3)
  2 ball pythons
  3 bats (D:1)
  5 endoplasms
  4 giant cockroaches (D:1)
  3 goblins
  3 hobgoblins
  5 kobolds
  2 quokkas
  2 frilled lizards
  7 rats
41 creatures vanquished.

Notes
Turn   | Place    | Note
-------+----------+-------------------------------------------
     0 | D:1      | Newt the Kobold Hunter began the quest for the Orb.
     0 | D:1      | Reached XP level 1. HP: 12/12 MP: 1/1
    65 | D:1      | Reached XP level 2. HP: 16/17 MP: 2/2
   458 | D:1      | Reached XP level 3. HP: 22/22 MP: 3/3
   987 | D:2      | Reached XP level 4. HP: 29/29 MP: 4/4
  1292 | D:2      | Identified the +1 buckler of the Invisible Hells {*Slow
                  | rN++ Str+4}
  2008 | D:3      | Noticed Grinder
  2009 | D:3      | Paralysed by Grinder for 5 turns
  2017 | D:3      | Paralysed by Grinder for 4 turns
  2022 | D:3      | Constricted to death by Grinder

Illustrated notes

Levels and vault maps discovered:
D:1:      wander_arrival_lonely_grave, layout_basic, minivault_25, hex_large,
          minmay_misc_feat_columns
D:2:      layout_basic
D:3:      layout_basic, grunt_decor_cap, grunt_ministairs_3, uniq_sigmund,
          uniq_ijyb, uniq_grinder

Skill      XL: |  1  2  3  4 |
---------------+-------------+-----
Stealth        | 2 3 |  3.0
Fighting       | 3 4 |  4.0
Ranged Weapons | |  5.5
Dodging        | |  2.4

Action                   |  1- 3 |  4- 6 || total
-------------------------+-------+-------++-------
 Fire: Shortbow          |    72 |    34 ||   106
  Use: Scroll            |     4 |     2 ||     6
Armor: Leather armour    |     7 |     4 ||    11
Dodge: Dodged            |    15 |    32 ||    47

Table legend: (Time is in decaauts)
 A = Elapsed time spent in this place.
 B = Non-inter-level travel time spent in this place.
 C = Inter-level travel time spent in this place.
 D = Time resting spent in this place.
 E = Time spent auto-exploring this place.
 F = Levels seen in this place.
 G = Mean time per level.
                   A        B        C        D        E       F      G
               +--------+--------+--------+--------+--------+-----+--------+
         Total |   2051 |   1960 |     91 |      0 |   1716 |   3 |  683.7 |
       Dungeon |   2051 |   1960 |     91 |      0 |   1716 |   3 |  683.7 |
               +--------+--------+--------+--------+--------+-----+--------+

Top non-repeatable levels by time:
     D:2: 934 daAuts
     D:1: 863 daAuts
     D:3: 253 daAuts
